 Dungeon Crawl Stone Soup version 0.22-a0-553-g9358b0b (webtiles) character file.

93 inc the Skirmisher (level 4, -4/33 HPs)
             Began as an Octopode Ice Elementalist on June 25, 2018.
             Slain by an ogre
             ... wielding a +0 giant spiked club
              (21 damage)
             ... on level 2 of the Dungeon.
             The game lasted 00:02:25 (1623 turns).

inc the Skirmisher (Octopode Ice Elementalist)      Turns: 1623, Time: 00:02:27

Health: -4/33      AC:  1    Str:  7    XL:     4   Next: 62%
Magic:  7/7        EV: 13    Int: 18    God:
Gold:   52         SH:  0    Dex: 12    Spells: 6/7 levels left

rFire    . . .     SeeInvis .   j - +0 short sword (drain)
rCold    . . .     Gourm    .   (no shield)
rNeg     . . .     Faith    .   (helmet restricted)
rPois    .         Spirit   .   i - amulet of the acrobat
rElec    .         Reflect  .   (no ring)
rCorr    .         Harm     .   (no ring)
MR       .....                  (no ring)
Stlth    +++.......             (no ring)
HPRegen  0.11/turn              (no ring)
MPRegen  0.10/turn              (no ring)
                                (no ring)
                                (no ring)

@: drained
A: almost no armour, stealthy swim, amphibious, 8 rings, constrict 8, camouflage
1, gelatinous body 1
a: no special abilities


You were on level 2 of the Dungeon.
You were not hungry.

You visited 1 branch of the dungeon, and saw 2 of its levels.

You collected 52 gold pieces.

Inventory:

Hand Weapons
 h - a +0 dagger
 j - a +0 short sword of draining (weapon)
Jewellery
 i - an amulet of the acrobat (around mantle)
Scrolls
 a - a scroll of blinking {unknown}
 c - a scroll of immolation {unknown}
 e - a scroll of remove curse {unknown}
 f - a scroll of identify {unknown}
 g - a scroll of random uselessness {unknown}
Potions
 d - a potion of invisibility {unknown}
Comestibles
 b - a ration
 k - 3 chunks of flesh


   Skills:
 + Level 4.1(3.5) Fighting
 - Level 2.0(1.4) Dodging
 - Level 2.6(2.1) Stealth
 - Level 2.0(1.4) Spellcasting
   Level 1.0(0.5) Conjurations
 - Level 3.0(2.4) Ice Magic


You had 6 spell levels left.
You knew the following spells:

 Your Spells              Type           Power        Failure   Level  Hunger
a - Freeze                Ice            ##..         7%          1    ##.....

Your spell library contained the following spells:

 Spells                   Type           Power        Failure   Level  Hunger
 Throw Frost              Conj/Ice       #.....       16%         2    ###....
 Summon Ice Beast         Ice/Summ       #.......     75%         4    #####..
 Ozocubu's Armour         Chrm/Ice       #.......     34%         3    ####...
 Throw Icicle             Conj/Ice       #.......     71%         4    #####..


Dungeon Overview and Level Annotations

Branches:
Dungeon (2/15)

Altars:


Innate Abilities, Weirdness & Mutations

You cannot wear most types of armour.
You are very stealthy in the water. (Stealth+)
You are amphibious.
You can wear up to eight rings at the same time.
You can use your tentacles to constrict eight enemies at once.
Your skin changes colour to match your surroundings (Stealth+).
Your rubbery body absorbs attacks. (AC +1, EV +1)


Message History

k - 4 chunks of flesh You see here a club.
Eat one of 4 chunks of flesh? (ye/n/q)
You eat one of the 4 chunks of flesh.
This raw flesh tastes terrible.
You start resting.
An ogre comes into view. It is wielding a giant spiked club.
The ogre moves out of view.
The ogre is too close now for your liking.
An ogre is nearby!
You barely miss the ogre. The ogre misses you.
You hit the ogre. You drain the ogre!
The ogre is moderately wounded.
The ogre hits you with a giant spiked club!
You hit the ogre. You drain the ogre!
The ogre is heavily wounded.
You hit the ogre. You squeeze the ogre!
The ogre is almost dead.
The ogre hits you with a giant spiked club!!
Ouch! That really hurt!
You die...

########.##
.........# ...#..#
##.#..# ######.##
#.....#
.....#........##.#
.....#..###.## #.#
.....#..###. #O#
......s.... #@#
.........# #.#
.........#######.###
......<............#
##.###..#..........#
#..#.....)....#
#.............#
#.............#
##...####>###.##


You could see an ogre.

Vanquished Creatures
  A jelly (D:2)
  Terence (D:2)
  3 leopard geckos (D:1)
  A ball python (D:1)
  4 bats
  3 giant cockroaches (D:1)
  4 goblins (D:1)
  4 hobgoblins
  2 frilled lizards (D:1)
  6 kobolds
  11 rats
40 creatures vanquished.

Notes
Turn   | Place    | Note
-------+----------+-------------------------------------------
     0 | D:1      | inc the Octopode Ice Elementalist began the quest for the Orb.
     0 | D:1      | Reached XP level 1. HP: 11/11 MP: 3/3
    78 | D:1      | Reached skill level 1 in Fighting
   300 | D:1      | Reached XP level 2. HP: 18/18 MP: 5/5
   502 | D:1      | Reached skill level 2 in Fighting
   878 | D:1      | Reached XP level 3. HP: 22/25 MP: 6/6
  1255 | D:2      | Reached skill level 3 in Fighting
  1255 | D:2      | Reached XP level 4. HP: 16/32 MP: 7/7
  1431 | D:2      | Noticed Terence
  1525 | D:2      | Killed Terence
  1525 | D:2      | Reached skill level 4 in Fighting
  1604 | D:2      | Noticed an ogre
  1623 | D:2      | Slain by an ogre

Vault maps used:
D:1:      scummos_arrival_forest
D:2:      uniq_crazy_yiuf_cottage, uniq_terence

Skill      XL: |  1  2  3  4 |
---------------+-------------+-----
Fighting       | 1 2 3 4 |  4.1
Dodging        | |  2.0
Stealth        | |  2.6
Spellcasting   | |  2.0
Conjurations   | |  1.0
Ice Magic      | |  3.0

Action                   |  1- 3 |  4- 6 || total
-------------------------+-------+-------++-------
Melee: Unarmed           |    47 |     5 ||    52
       Constrict         |    17 |     5 ||    22
       Tentacles         |    12 |     2 ||    14
       Short sword       |       |     8 ||     8
       Dagger            |       |     1 ||     1
 Cast: Freeze            |    26 |     9 ||    35
 Stab: Sleeping          |     8 |     1 ||     9
  Eat: Chunk             |     1 |     2 ||     3
Armor: Skin              |     2 |       ||     2
Dodge: Dodged            |    41 |    19 ||    60

Table legend:
 A = Spawn XP
 B = Non-spawn XP
 C = Spawn XP percentage of total XP
 D = Spawn monster count
 E = Non-spawn monster count
 F = Spawn count percentage of total count
 G = Total turns spent on level
                    A         B        C        D         E        F      G
               +---------+---------+-------+---------+---------+-------+---------
         Total |       0 |     134 |   0.0 |       0 |      40 |   0.0 |  1623
               +---------+---------+-------+---------+---------+-------+---------
           D:1 |       0 |      51 |   0.0 |       0 |      31 |   0.0 |  1425
           D:2 |       0 |      83 |   0.0 |       0 |       9 |   0.0 |   198
               +---------+---------+-------+---------+---------+-------+---------
